 Dungeon Crawl Stone Soup version 0.28.0-53-g5a82cb258f (webtiles) character file.

Game seed: 8490463195644296688

35 Gabide the Shooter (level 3, -7/21 HPs)
             Began as a Deep Elf Hunter on June 29, 2022.
             Mangled by an iguana (9 damage)
             ... on level 1 of the Dungeon.
             The game lasted 00:05:04 (1553 turns).

Gabide the Shooter (Deep Elf Hunter)                Turns: 1553, Time: 00:05:04

Health: -7/21      AC:  5    Str: 11    XL:     3   Next: 16%
Magic:  5/5        EV: 12    Int: 15    God:
Gold:   14         SH:  0    Dex: 15    Spells: 2/2 levels left

rFire   . . .      SeeInvis .   a - +1 shortbow
rCold   + . .      Faith    .   (shield currently unavailable)
rNeg    . . .      Spirit   .   g - +2 leather armour {rC+}
rPois   .          Reflect  .   (no helmet)
rElec   .          Harm     .   (no cloak)
rCorr   .          Rampage  .   (no gloves)
Will    .....                   (no boots)
Stlth   ++........              (no amulet)
HPRegen 0.07/turn               (no ring)
MPRegen 0.09/turn               (no ring)

@: no status effects
A: no striking features
a: no special abilities


You were on level 1 of the Dungeon.
You visited 1 branch of the dungeon, and saw 2 of its levels.

You collected 14 gold pieces.

Inventory:

Hand Weapons
 a - a +1 shortbow (weapon)
 b - a +0 short sword of venom
 c - a +0 dagger of venom
Missiles
 d - 28 arrows (quivered ammo)
Armour
 g - a +2 leather armour of cold resistance (worn)
Scrolls
 f - a scroll of identify


   Skills:
 + Level 2.1 Fighting
 * Level 6.2 Bows
 - Level 2.5 Dodging
 - Level 1.5 Stealth


You had 2 spell levels left.
You didn't know any spells.
Your spell library was empty.

Dungeon Overview and Level Annotations

Branches:
Dungeon (2/15)

Altars:


Message History

There is a stone staircase leading down here.
Your +0 dagger of venom stops dripping with poison.
a - a +1 shortbow (weapon)
You climb downwards.
The frilled lizard hisses angrily.
The iguana bites you. The frilled lizard barely misses you.
There is a stone staircase leading up here.
The iguana misses you.
The frilled lizard bites you but does no damage.
You climb upwards.
There is a stone staircase leading down here.
Fire: 32 arrows
Press: ? - help, Q - select action Shift-Dir - straight line, f - frilled lizard
Aim: a frilled lizard (48% to hit)
You shoot an arrow. The arrow hits the frilled lizard.
You kill the frilled lizard!
The iguana closely misses you.
You see here an arrow.
Fire: 31 arrows
Press: ? - help, Q - select action Shift-Dir - straight line, f - iguana
Aim: an iguana (68% to hit)
You shoot an arrow. The arrow hits the iguana.
The iguana is moderately wounded.
The iguana bites you!
Fire: 30 arrows
Press: ? - help, Q - select action Shift-Dir - straight line, f/p - iguana
Aim: an iguana (moderately wounded, 68% to hit)
You shoot an arrow. The arrow closely misses the iguana.
The iguana bites you!
* * * LOW HITPOINT WARNING * * *
Okay, then.
You aren't carrying any potions.
Fire: 29 arrows
Press: ? - help, Q - select action Shift-Dir - straight line, f/p - iguana
Aim: an iguana (moderately wounded, 68% to hit)
You shoot an arrow.
The arrow hits the iguana but does no damage.
The iguana is moderately wounded.
The iguana bites you!
You die...

###.##.........##....8.....∩..
#.##.....######..##.........
#.##.....# ##..##.........
#.######## #.....♣..♣..∩.. #)#
#.####......... ####.#### #.#
#......... #.......### #.#
#...∩...). #.#...#...#######.#
#........# #.#..###..#(.l@...#
#..##.##.# #.#.## ##...#######
##..##.##.# #.#..###..###
#.......... #.#...#...#
##...##..... #.......###
##....#####.# #########
#............ #....####....
#.#.......... #.#######....


You could see an iguana.

Vanquished Creatures
  2 adders
  2 bats (D:1)
  4 endoplasms (D:1)
  A hobgoblin (D:1)
  2 kobolds (D:1)
  A quokka (D:2)
  A ball python (D:1)
  A frilled lizard (D:1)
  2 goblins (D:1)
  A rat (D:1)
17 creatures vanquished.

Notes
Turn   | Place    | Note
-------+----------+-------------------------------------------
     0 | D:1      | Gabide the Deep Elf Hunter began the quest for the Orb.
     0 | D:1      | Reached XP level 1. HP: 12/12 MP: 3/3
   290 | D:1      | Found a faded altar of an unknown god.
   392 | D:1      | Reached XP level 2. HP: 13/17 MP: 4/4
   923 | D:2      | Reached skill level 6 in Bows
  1489 | D:1      | Reached XP level 3. HP: 20/21 MP: 5/5
  1553 | D:1      | Mangled by an iguana

Illustrated notes

Levels and vault maps discovered:
D:1:      scummos_arrival_simple_fountains, layout_loops_cross,
          hellmonk_ecumenical_altar_arch_garden, minmay_misc_feat_hallway,
          dk_noncrumbling_3
D:2:      wad_crossroads, layout_basic

Skill      XL: |  1  2 |
---------------+-------+-----
Fighting       | 2 |  2.1
Bows           | 6 |  6.2
Dodging        | |  2.5
Stealth        | |  1.5

Action                   || total
-------------------------++-------
Melee: Dagger            ||    33
       Short sword       ||     8
 Fire: Shortbow          ||    30
  Use: Scroll            ||     3
       Potion            ||     1
 Stab: Sleeping          ||     2
Armor: Leather armour    ||    18
Dodge: Dodged            ||    49
